 Dungeon Crawl Stone Soup version 0.16-a0-3554-g1f1ee3f (webtiles) character file.

2083 Minkie the Basher (level 9, 0/51 HPs)
             Began as a Gargoyle Fighter on Jan 10, 2015.
             Killed from afar by an orc wizard (8 damage)
             ... with a magic dart
             ... on level 7 of the Dungeon.
             The game lasted 00:20:34 (5594 turns).

Minkie the Basher (Gargoyle Fighter)                Turns: 5594, Time: 00:20:35

Health: 0/51       AC: 19    Str: 19    XL:     9   Next: 27%
Magic:  9/9        EV:  3    Int: 13    God:
Gold:   299        SH:  9    Dex:  9    Spells: 0 memorised, 8 levels left

rFire  . . .     SeeInvis .     D - +0 morningstar
rCold  + . .     Clarity  .     q - +0 plate armour
rNeg   + . .     SustAb   .     c - +0 shield
rPois  ∞         Gourm    .     (no helmet)
rElec  +         Spirit   .     m - +0 cloak
rCorr  .         Warding  .     E - +0 pair of gloves
rMut   .         Stasis   .     (no boots)
MR     .....                    (no amulet)
Stlth  ..........               (no ring)
                                B - ring of protection from cold

@: not resistant to hostile enchantments, extremely unstealthy
A: negative energy resistance 1, electricity resistance, unbreathing,
petrification resistance, rot immunity, AC +5
a: no special abilities


You were on level 7 of the Dungeon.
You were hungry.

You visited 1 branch of the dungeon, and saw 7 of its levels.

You collected 299 gold pieces.

Inventory:

Hand weapons
 D - a +0 morningstar (weapon)
Missiles
 i - 13 javelins (quivered)
Armour
 c - a +0 shield (worn)
 m - a +0 cloak (worn)
 q - a +0 plate armour (worn)
 E - a +0 pair of gloves (worn)
Jewellery
 B - a ring of protection from cold (left hand)
 F - an uncursed ring of flight {unknown}
Scrolls
 b - 2 scrolls of immolation {unknown}
 e - 3 scrolls of amnesia {unknown}
 k - 2 scrolls of random uselessness {unknown}
 l - 4 scrolls of enchant weapon
 o - 2 scrolls of remove curse {unknown}
 r - 2 scrolls of blinking {unknown}
 w - a scroll of fog {unknown}
 x - a scroll of holy word {unknown}
 y - a scroll of magic mapping {unknown}
Potions
 a - a potion of poison {unknown}
 f - 2 potions of lignification
 g - 5 potions of curing
 j - a potion of beneficial mutation {unknown}
 n - 2 potions of cure mutation
 p - a potion of restore abilities
 s - a potion of ambrosia
 u - a potion of mutation {unknown}
 A - 3 potions of haste
 C - 2 potions of heal wounds {unknown}
Comestibles
 d - 6 bread rations
 h - 7 beef jerkies
 t - a slice of pizza
 v - 2 chunks of flesh
 z - 2 meat rations


   Skills:
 - Level 3.2 Fighting
 + Level 11.8 Maces & Flails
 - Level 3.2 Armour
 - Level 3.2 Shields


You had 8 spell levels left.
You didn't know any spells.

Dungeon Overview and Level Annotations

Branches:
Dungeon (7/15)
 Temple: D:4-7

Altars:
Cheibriados
Dithmenos
Trog
Xom
Yredelemnul

Shops:
D:5 :


Innate Abilities, Weirdness & Mutations

You are resistant to torment.
You are immune to poison.
Your stone body is very resilient (AC +5).
You resist negative energy.
You are resistant to electric shocks.
You can survive without breathing.
You are immune to petrification.
You are immune to rotting.


Message History

You hit the orc warrior.
The orc warrior is almost dead.
You block the orc wizard's attack.
The orc warrior hits you with a trident.
* * * LOW HITPOINT WARNING * * *
You sock the orc warrior!
You kill the orc warrior!
You block the orc wizard's attack.
The orc wizard hits you but does no damage.
Your plate armour prevents you from hitting the orc wizard.
The orc wizard casts a spell at you. The puff of flame hits you!
You puncture the orc wizard!
The orc wizard is heavily wounded.
The orc wizard casts a spell at you. The puff of flame hits you!
* * * LOW HITPOINT WARNING * * *
The orc wizard casts a spell at you. The magic dart hits you!
You die...

#.# #.#. #.#
#.#. #.. #.##
#o. #... #o###
###. #o#.. #.
#o#.# #. #o#.#
#. ####@#.# #.
#...)..# #.
#......######
#.
#......#....#
#.
#......#.##.#
#.
#.........#.###
#.
#.....##...(..#
#.
#.....##..###.#
####(
#.....##..###.#
#....


You could see an orc wizard and 4 orcs.

Vanquished Creatures
  The ghost of binmo the Firebug, an average GrFE of Makhleb (D:3)
  An orc warrior (D:7)
  2 ice beasts
  2 sky beasts (D:5)
  4 phantoms
  2 ogres
  2 centaurs
  A scorpion (D:6)
  3 wights (D:6)
  A goliath beetle (D:6)
  A crimson imp (D:6)
  A hound (D:4)
  A centaur skeleton (D:5)
  6 worker ants
  2 iguanas
  2 orc wizards
  Ijyb (D:3)
  A worker ant zombie (D:5)
  10 adders
  3 shadow imps
  A giant mite (D:1)
  6 worms
  An adder skeleton (D:4)
  2 giant geckos
  19 orcs
  A ball python (D:2)
  A bat skeleton (D:5)
  A bat zombie (D:6)
  4 giant cockroaches
  11 goblins
  9 hobgoblins
  5 kobolds
  2 quokkas
  10 bats
  5 giant newts
  2 orc zombies (D:6)
  11 rats
  A spectral orc (D:5)
139 creatures vanquished.

Notes
Turn   | Place    | Note
--------------------------------------------------------------
     0 | D:1      | Minkie, the Gargoyle Fighter, began the quest for the Orb.
     0 | D:1      | Reached XP level 1. HP: 14/14 MP: 1/1
   189 | D:1      | Reached XP level 2. HP: 14/19 MP: 2/2
   493 | D:1      | Reached XP level 3. HP: 21/23 MP: 3/3
   828 | D:2      | Reached skill level 4 in Maces & Flails
   877 | D:2      | Found a shimmering altar of Xom.
  1020 | D:2      | Reached XP level 4. HP: 24/28 MP: 4/4
  1284 | D:3      | Reached skill level 5 in Maces & Flails
  1317 | D:3      | Reached XP level 5. HP: 30/32 MP: 5/5
  1568 | D:3      | Found a bloodstained altar of Trog.
  1603 | D:3      | Noticed binmo's ghost (average GrFE)
  1624 | D:3      | Killed binmo's ghost
  1624 | D:3      | Reached skill level 6 in Maces & Flails
  1624 | D:3      | Reached XP level 6. HP: 4/37 MP: 6/6
  1975 | D:3      | Noticed Ijyb
  2038 | D:3      | Killed Ijyb
  2481 | D:4      | Reached skill level 7 in Maces & Flails
  2926 | D:4      | Reached XP level 7. HP: 41/41 MP: 7/7
  3252 | D:4      | Found a snail-covered altar of Cheibriados.
  3278 | D:4      | Reached skill level 8 in Maces & Flails
  3487 | D:5      | Entered Level 5 of the Dungeon
  3599 | D:5      | Found Siwkut's Book Emporium.
  3815 | D:5      | Reached skill level 9 in Maces & Flails
  3819 | D:5      | Reached XP level 8. HP: 37/46 MP: 8/8
  4153 | D:5      | Found a basalt altar of Yredelemnul.
  4415 | D:6      | Reached skill level 10 in Maces & Flails
  5005 | D:6      | Found a shadowy altar of Dithmenos.
  5116 | D:6      | Reached skill level 11 in Maces & Flails
  5128 | D:6      | Reached XP level 9. HP: 51/51 MP: 9/9
  5594 | D:7      | Killed from afar by an orc wizard

Action                   |  1- 3 |  4- 6 |  7- 9 || total
-------------------------+-------+-------+-------++-------
Melee: Flail             |   132 |   263 |   205 ||   600
       Morningstar       |       |       |   210 ||   210
Throw: Javelin           |       |       |     1 ||     1
  Use: Potion            |       |     2 |       ||     2
       Scroll            |       |     5 |     1 ||     6
  Eat: Chunk             |     1 |     6 |     9 ||    16
